 Dungeon Crawl Stone Soup version 0.22-a0-109-gbeb7240 (webtiles) character file.

3599 dududu the Archer (level 9, -6/81 HPs)
             Began as a Centaur Arcane Marksman on Jan 26, 2018.
             Was an Elder of Okawaru.
             Mangled by a wolf spider (shapeshifter) (7 damage)
             ... on level 8 of the Dungeon.
             The game lasted 00:39:48 (9563 turns).

dududu the Archer (Centaur Arcane Marksman)         Turns: 9563, Time: 00:39:49

Health: -6/81      AC:  7    Str: 17    XL:     9   Next: 85%
Magic:  11/11      EV: 13    Int:  8    God:    Okawaru [****..]
Gold:   30         SH:  0    Dex:  9    Spells: 4/10 levels left

rFire    . . .     SeeInvis +   a - +0 shortbow
rCold    . . .     Gourm    .   (shield currently unavailable)
rNeg     + . .     Faith    .   e - +0 ring mail
rPois    +         Spirit   .   (no helmet)
rElec    .         Reflect  .   (no cloak)
rCorr    .         Harm     .   x - +1 pair of gloves
MR       .....                  (no barding)
Stlth    ..........             (no amulet)
HPRegen  0.23/turn              Q - ring of Nocul {rPois rN+ Int-4 SInv}
MPRegen  0.12/turn              v - +5 ring of evasion

@: very quick
A: large, hooves 3, deformed body, speed 2, tough skin 3
a: Heroism, Renounce Religion


You were on level 8 of the Dungeon.
You worshipped Okawaru.
Okawaru was greatly pleased with you.
You were very hungry.

You visited 2 branches of the dungeon, and saw 10 of its levels.

You collected 434 gold pieces.
You spent 404 gold pieces at shops.

Inventory:

Hand Weapons
 a - a +0 shortbow (weapon)
 b - a +0 dagger of electrocution
 y - a +0 quarterstaff
 G - a +0 whip of electrocution
Missiles
 d - 72 arrows (quivered)
 s - 15 tomahawks
Armour
 e - a +0 ring mail (worn)
 n - a +0 plate armour
 x - a +1 pair of gloves (worn)
Jewellery
 k - a +2 ring of protection
 v - a +5 ring of evasion (right hand)
 M - an uncursed ring of protection from cold
 P - a +4 ring of dexterity
 Q - the ring of Nocul (left hand) {rPois rN+ Int-4 SInv}
   (You bought it in a shop on level 6 of the Dungeon)

   [ring of see invisible]

   It affects your intelligence (-4).
   It protects you from poison.
   It protects you from negative energy.
   It lets you see invisible.
Wands
 q - a wand of polymorph (10)
 u - a wand of flame (27)
 F - a wand of paralysis (15)
Scrolls
 j - 7 scrolls of remove curse
 m - a scroll of immolation {unknown}
 o - a scroll of amnesia
 p - 6 scrolls of teleportation
 z - 2 scrolls of fear
 A - a scroll of blinking {unknown}
 C - a scroll of fog {unknown}
 D - 3 scrolls of identify
 E - a scroll of enchant armour
 I - a scroll of torment
 N - a scroll of enchant weapon {unknown}
Potions
 g - 3 potions of haste
 h - 4 potions of curing
 l - 5 potions of lignification
 r - 4 potions of heal wounds
 t - a potion of brilliance
 B - 3 potions of berserk rage
 J - a potion of agility
Books
 c - a book of Debilitation

   Spells                             Type                      Level
   a - Corona                         Hexes                        1
   b - Slow                           Hexes                        2
   c - Inner Flame                    Hexes/Fire                   3
   d - Portal Projectile              Hexes/Translocation          3
   e - Cause Fear                     Hexes                        4
   f - Leda's Liquefaction            Hexes/Earth                  4
 i - a book of Burglary

   Spells                             Type                      Level
   a - Swiftness                      Charms/Air                   2
   b - Passwall                       Transmutation/Earth          2
   c - Passage of Golubria            Translocation                4
   d - Lee's Rapid Deconstruction     Earth                        5
   e - Darkness                       Hexes                        6
   f - Invisibility                   Hexes                        6
 w - a book of Maledictions

   Spells                             Type                      Level
   a - Corona                         Hexes                        1
   b - Ensorcelled Hibernation        Hexes/Ice                    2
   c - Confuse                        Hexes                        3
   d - Tukima's Dance                 Hexes                        3
   e - Dazzling Spray                 Conjuration/Hexes            3
 H - a book of Battle

   Spells                             Type                      Level
   a - Infusion                       Charms                       1
   b - Shroud of Golubria             Charms/Translocation         2
   c - Song of Slaying                Charms                       2
   d - Spectral Weapon                Hexes/Charms                 3
   e - Regeneration                   Charms/Necromancy            3
 K - a book of Necromancy

   Spells                             Type                      Level
   a - Pain                           Necromancy                   1
   b - Animate Skeleton               Necromancy                   1
   c - Vampiric Draining              Necromancy                   3
   d - Regeneration                   Charms/Necromancy            3
   e - Animate Dead                   Necromancy                   4
 L - a book of Minor Magic

   Spells                             Type                      Level
   a - Magic Dart                     Conjuration                  1
   b - Blink                          Translocation                2
   c - Call Imp                       Summoning                    2
   d - Slow                           Hexes                        2
   e - Conjure Flame                  Conjuration/Fire             3
   f - Mephitic Cloud                 Conjuration/Poison/Air       3
Comestibles
 f - 13 rations


   Skills:
 + Level 8.0 Fighting
 - Level 14.1 Bows
 - Level 1.4 Dodging
 - Level 1.0 Spellcasting
 * Level 2.9 Hexes
 * Level 0.4 Translocations
 - Level 3.0 Invocations


You had 4 spell levels left.
You knew the following spells:

 Your Spells              Type           Power        Failure   Level  Hunger
a - Corona                Hex            #......      22%         1    ##.....
b - Blink                 Tloc           N/A          67%         2    ###....
c - Portal Projectile     Hex/Tloc       #.....       73%         3    ####...


Dungeon Overview and Level Annotations

Branches:
Dungeon (9/15)             Temple (1/1) D:5
   Lair: D:8-11         Orc: D:9-12

Altars:
Ashenzari
Cheibriados
Dithmenos
Elyvilon
Fedhas
Gozag
Hepliaklqana
Kikubaaqudgha
Makhleb
Nemelex Xobeh
Okawaru
Qazlal
Ru
Sif Muna
Trog
Uskayaw
Vehumet
Wu Jian
Xom
Yredelemnul
Zin
The Shining One

Shops:
D:4 ?   D:6 =

Annotations:
D:8 Joseph


Innate Abilities, Weirdness & Mutations

You have hooves in place of feet.
Armour fits poorly on your strangely shaped body.
You cover ground very quickly.
You have extremely tough skin. (AC +3)


Message History

The wolf spider is moderately wounded.
The wolf spider hits you. The wolf spider bites you.
The wolf spider barely misses you.
The wolf spider bites you but does no damage.
Firing (i - inventory. (,) - cycle):
d - 73 arrows (quivered)
Press: ? - help, Shift-Dir - straight line, f/p - wolf spider
Aim: a wolf spider (moderately wounded, clinging)
You shoot an arrow. The arrow hits the wolf spider.
The wolf spider is moderately wounded.
The wolf spider hits you. The wolf spider bites you! The wolf spider hits you!
The wolf spider closely misses you. The wolf spider hits you!
* * * LOW HITPOINT WARNING * * *
The wolf spider bites you.
* * * LOW HITPOINT WARNING * * *
Unknown command.
The wolf spider hits you!
* * * LOW HITPOINT WARNING * * *
The wolf spider bites you!
You die...

#.# ########..# #...##. #.#
#.....###.# ######. #.#
#.###.# #.# #####. #(#
#.###.# #.#######...>. #.#
#.#...# #.......#..... #(#
#<#!#####..####.#.....
#.###...........# #.#.....
#...............# #.......
######..s@......# ######./
#........<.## #..
#########...# #.. #....##
#.. #.....######[.
#########...#...[[....
######......##...#..######.
#....#......##...#..# #.
#....#......##...#..######.


You could see a wolf spider.

Vanquished Creatures
  A two-headed ogre (D:6)
  Pikel (D:5)
  Prince Ribbit (D:7)
  A hippogriff (D:9)
  Menkaure (D:5)
  A water moccasin (D:8)
  An orc warrior (D:8)
  2 ice beasts
  2 slaves (D:5)
  A black bear (D:7)
  An ogre (D:7)
  A centaur (D:8)
  4 bullfrogs
  9 wights (D:8)
  3 howler monkeys (D:6)
  A centaur zombie (D:5)
  3 jellies
  2 orc priests (D:4)
  2 hounds
  3 orc wizards
  2 iguanas
  A worker ant (D:7)
  A killer bee zombie (D:9)
  A hound zombie (D:6)
  A hound skeleton (D:7)
  A howler monkey skeleton (D:5)
  10 adders
  3 shadow imps
  An ooze (D:2)
  3 worms
  4 dart slugs
  13 orcs
  A ball python (D:2)
  6 giant cockroaches
  8 goblins
  6 hobgoblins
  7 jackals
  5 quokkas
  6 bats
  7 frilled lizards
  8 kobolds
  2 leopard gecko zombies (D:6)
  A quokka skeleton (D:7)
  5 rats
144 creatures vanquished.

Notes
Turn   | Place    | Note
-------+----------+-------------------------------------------
     0 | D:1      | dududu the Centaur Arcane Marksman began the quest for the Orb.
     0 | D:1      | Reached XP level 1. HP: 16/16 MP: 2/2
   551 | D:1      | Found a sparkling altar of Nemelex Xobeh.
   595 | D:1      | Reached skill level 3 in Bows
   597 | D:1      | Reached XP level 2. HP: 23/23 MP: 3/3
  1493 | D:2      | Reached XP level 3. HP: 27/29 MP: 4/4
  1506 | D:2      | Reached skill level 4 in Bows
  2231 | D:2      | Found a sparkling altar of Nemelex Xobeh.
  2231 | D:2      | Found a basalt altar of Yredelemnul.
  2509 | D:3      | Reached XP level 4. HP: 36/36 MP: 5/5
  2707 | D:3      | Reached skill level 5 in Bows
  3403 | D:4      | Reached XP level 5. HP: 44/44 MP: 6/6
  3428 | D:4      | Reached skill level 6 in Bows
  4244 | D:4      | Found Liachuosh's Magic Scroll Shoppe.
  4251 | D:4      | Bought a scroll of remove curse for 42 gold pieces
  4255 | D:4      | Bought a scroll of magic mapping for 49 gold pieces
  4255 | D:4      | Bought a scroll of fear for 49 gold pieces
  4501 | D:4      | You fall through a shaft for 2 floors!
  4514 | D:6      | Reached XP level 6. HP: 49/51 MP: 7/7
  4522 | D:6      | Reached skill level 7 in Bows
  4919 | D:5      | Entered Level 5 of the Dungeon
  4919 | D:5      | Found a staircase to the Ecumenical Temple.
  4933 | Temple   | Entered the Ecumenical Temple
  5033 | Temple   | Became a worshipper of Warmaster Okawaru
  5279 | D:5      | Noticed Menkaure
  5298 | D:5      | Killed Menkaure
  5298 | D:5      | Reached skill level 8 in Bows
  5298 | D:5      | Reached XP level 7. HP: 59/59 MP: 8/8
  5450 | D:5      | Found a shadowy altar of Dithmenos.
  5537 | D:5      | Noticed Pikel
  5553 | D:5      | Killed Pikel
  5553 | D:5      | Reached * piety under Okawaru
  5553 | D:5      | Reached skill level 5 in Fighting
  5553 | D:5      | Reached skill level 10 in Bows
  5553 | D:5      | Reached XP level 8. HP: 49/68 MP: 9/9
  6186 | D:6      | Found Valyn's Jewellery Emporium.
  6282 | D:6      | Reached ** piety under Okawaru
  6291 | D:6      | Noticed a two-headed ogre
  6304 | D:6      | Killed a two-headed ogre
  6304 | D:6      | Reached *** piety under Okawaru
  6304 | D:6      | Reached skill level 12 in Bows
  6489 | D:6      | Learned a level 2 spell: Blink
  6493 | D:6      | Learned a level 3 spell: Portal Projectile
  6708 | D:7      | Found an opulent altar of Gozag.
  7043 | D:7      | Found a stormy altar of Qazlal.
  7159 | D:7      | Reached skill level 1 in Invocations
  7178 | D:7      | Reached XP level 9. HP: 72/78 MP: 10/10
  7410 | D:8      | Received a gift from Okawaru
  7715 | D:8      | Received a gift from Okawaru
  7715 | D:8      | Reached skill level 13 in Bows
  8012 | D:8      | Noticed Prince Ribbit
  8036 | D:8      | Noticed Joseph
  8094 | D:7      | Killed Prince Ribbit
  8094 | D:7      | Reached **** piety under Okawaru
  8675 | D:9      | Received a gift from Okawaru
  8716 | D:9      | Reached skill level 14 in Bows
  8909 | D:6      | Bought the ring of Nocul {rPois rN+ Int-4 SInv} for 264 gold pieces
  8990 | D:9      | Noticed a wind drake
  9546 | D:8      | Noticed a wolf spider
  9563 | D:8      | HP: 1/81 [wolf spider (shapeshifter) (14)]
  9563 | D:8      | Mangled by a wolf spider (shapeshifter)

Vault maps used:
D:1:      dpeg_cavernosity, nemelex_diamond_rough_becter
D:2:      gammafunk_temple_overflow_pools
D:3:      item_on_display_a
D:4:      serial_shops, nicolae_shop_window_shopping
D:5:      nicolae_dithmenos_shadow_blocks, temple_fountains, first_ration,
          minmay_crystal_water, uniq_pikel, uniq_menkaure, uniq_eustachio
D:6:      serial_shops, nicolae_shop_stone
D:7:      kennysheep_mini, overflow_temple_1_default, kennysheep_generic_room_10
D:8:      cheibrodos_helix_gallery, uniq_prince_ribbit1, uniq_joseph
D:9:      hangedman_pestilent_swarm
Temple:   minmay_temple_bridge_d

Skill      XL: |  1  2  3  4  5  6  7  8  9 |
---------------+----------------------------+-----
Bows           | 3 4 5 6 8 10 12 14 | 14.1
Fighting       | 2 3 4 5 6 8 |  8.0
Invocations    | 1 3 |  3.0
Dodging        | |  1.4
Spellcasting   | |  1.0
Hexes          | |  2.9
Translocations | |  0.4

Action                   |  1- 3 |  4- 6 |  7- 9 || total
-------------------------+-------+-------+-------++-------
Melee: Unarmed           |    33 |       |       ||    33
       Short sword       |    53 |       |       ||    53
       Kick              |    15 |    22 |    29 ||    66
       Dagger            |    32 |   190 |   148 ||   370
 Fire: Shortbow          |    73 |    23 |   179 ||   275
Throw: Tomahawk          |       |     7 |    16 ||    23
Invok: Heroism           |       |       |     1 ||     1
Evoke: Wand              |       |       |     1 ||     1
  Use: Scroll            |       |     7 |     7 ||    14
       Potion            |       |     2 |       ||     2
 Stab: Paralysed         |       |       |     5 ||     5
  Eat: Chunk             |     4 |     7 |    10 ||    21
Armor: Robe              |    24 |       |       ||    24
       Ring mail         |    48 |    65 |    50 ||   163
       Skin              |       |     5 |       ||     5
Dodge: Dodged            |    69 |    98 |   118 ||   285

Table legend:
 A = Spawn XP
 B = Non-spawn XP
 C = Spawn XP percentage of total XP
 D = Spawn monster count
 E = Non-spawn monster count
 F = Spawn count percentage of total count
 G = Total turns spent on level
                    A         B        C        D         E        F      G
               +---------+---------+-------+---------+---------+-------+---------
         Total |       0 |    5142 |   0.0 |       0 |     142 |   0.0 |  9563
               +---------+---------+-------+---------+---------+-------+---------
           D:1 |       0 |      34 |   0.0 |       0 |      20 |   0.0 |  1402
           D:2 |       0 |      61 |   0.0 |       0 |      25 |   0.0 |  1092
           D:3 |       0 |      97 |   0.0 |       0 |      26 |   0.0 |  1232
           D:4 |       0 |     135 |   0.0 |       0 |       5 |   0.0 |   878
           D:5 |       0 |     901 |   0.0 |       0 |       7 |   0.0 |   981
           D:6 |       0 |    1335 |   0.0 |       0 |      18 |   0.0 |   989
           D:7 |       0 |     914 |   0.0 |       0 |      16 |   0.0 |  1046
           D:8 |       0 |    1250 |   0.0 |       0 |      22 |   0.0 |  1452
           D:9 |       0 |     415 |   0.0 |       0 |       3 |   0.0 |   317
               +---------+---------+-------+---------+---------+-------+---------
